 Dungeon Sprint DCSS version bcrawl-1.19.2-6-g6a88ae04c9 (webtiles) character file.

Game seed: 338307163065482689

8025 Freyura the Fighter (level 11, -2/78 HPs)
             Began as a Gargoyle Fighter on Jan 4, 2020.
             Was a Follower of Ru.
             Slain by an orc warrior
             ... wielding a +0 trident
              (16 damage)
             ... in the Dungeon (Sprint IX: "|||||||||||||||||||||||||||||") on Jan 5, 2020.
             The game lasted 00:12:02 (1620 turns).

Freyura the Fighter (Gargoyle Fighter)              Turns: 1620, Time: 00:12:03

Health: -2/78      AC: 39    Str: 28    XL:     11   Next: 24%
Magic:  11/11      EV: 13    Int:  8    God:    Ru [*.....]
Gold:   665        SH:  0    Dex: 12    Spells: 10/10 levels left

rFire    . . .     SeeInvis .   o - +2 dire flail (protect)
rCold    . . .     Gourm    .   (shield currently unavailable)
rNeg     + . .     Faith    .   r - +0 plate armour
rPois    ∞         Spirit   .   (no helmet)
rElec    +         Reflect  .   p - +0 cloak
rCorr    .         Harm     .   y - +0 pair of gloves
MR       .....     NoTele   +   q - +0 pair of boots
Stlth    ..........             (no amulet)
HPRegen  0.23/turn              s - +2 ring of protection
MPRegen  0.12/turn              t - +3 ring of strength

@: no scrolls, protection aura, studying Fire Magic
A: iridescent scales 1, negative energy resistance 1, electricity resistance,
strong 2, unbreathing, petrification resistance, rot immunity, inability to read
while threatened, AC +8
a: Renounce Religion


You were in the Dungeon.
You worshipped Ru.
Ru was aware of your devotion.
You were not hungry.

You visited 1 branch You collected 665 gold pieces.

Inventory:

Hand Weapons
 o - a +2 dire flail of protection (weapon)
Armour
 c - a +0 shield
 p - a +0 cloak (worn)
 q - a +0 pair of boots (worn)
 r - a +0 plate armour (worn)
 y - a +0 pair of gloves (worn)
Jewellery
 s - a +2 ring of protection (left hand)
 t - a +3 ring of strength (right hand)
Wands
 n - a wand of iceblast (10)
Scrolls
 k - 3 scrolls of blinking
 l - 5 scrolls of remove curse
 m - 2 scrolls of amnesia
 w - a scroll of identify
 x - 2 scrolls of fog
Potions
 d - a potion of resistance
 e - 7 potions of curing
 g - 2 potions of heal wounds
 h - a potion of haste
 i - 4 potions of magic
 j - a potion of invisibility
Books
 v - a manual of Fire Magic
Comestibles
 a - 2 chunks of flesh
 f - 11 rations {!d}


   Skills:
 + Level 13.3 Fighting
 + Level 12.2 Maces & Flails
 + Level 13.3 Armour
 + Level 10.3 Dodging
 + Level 13.3 Shields


You had 10 spell levels left.
You didn't know any spells.
Your spell library was empty.

Dungeon Overview and Level Annotations

Branches:
Dungeon (1/1)

Altars:
Cheibriados
Dithmenos
Elyvilon
Fedhas
Gozag
Hepliaklqana
Kikubaaqudgha
Lugonu
Makhleb
Nemelex Xobeh
Okawaru
Qazlal
Ru
Sif Muna
Trog
Uskayaw
Vehumet
Wu Jian
Xom
Yredelemnul
Zin
The Shining One
Beogh
Jiyva


Innate Abilities, Weirdness & Mutations

You are resistant to torment.
Your stone body is resilient. (AC +8)
You are immune to poison.
You resist negative energy. (rN+)
You are resistant to electric shocks. (rElec)
You can survive without breathing.
You are immune to petrification.
You are immune to rotting.
You cannot read scrolls while threatened.
You are partially covered in iridescent scales. (AC +2)
Your muscles are very strong. (Str +4)


Message History

The orc warrior hits you from afar with a +0 trident!!
* * * LOW HITPOINT WARNING * * *
The orc knight hits you with a +1 war axe!
* * * LOW HITPOINT WARNING * * *
You barely miss the orc knight.
The orc knight is severely wounded.
The orc no longer looks unusually strong.
The orc warrior no longer looks unusually strong. x2
The orc warrior barely misses you.
You feel much better.
The orc knight roars a battlecry!
The orcs go into a battle-frenzy!
The orc warrior closely misses you.
You puncture the orc knight!
The orc knight is almost dead.
The orc knight misses you.
You bludgeon the orc knight!!
You kill the orc knight!
The orc warrior hits you from afar with a +0 trident!
You die...

▓▓▓▓▓▓▓▓▓▓▓▓▓▓▓▓▓▓▓▓▓▓▓▓
o{oooo)@).....).))))))).
▓▓▓▓▓▓▓▓▓▓▓▓▓▓▓▓▓▓▓▓▓▓▓▓▓▓▓▓▓▓▓▓▓
.................................
▓▓▓▓▓▓▓▓▓▓▓▓▓▓▓▓▓▓▓▓▓▓▓▓▓▓▓▓▓▓▓▓▓
..††........†÷........÷÷.†.......
▓▓▓▓▓▓▓▓▓▓▓▓▓▓▓▓▓▓▓▓▓▓▓▓▓▓▓▓▓▓▓▓▓
.................................
▓▓▓▓▓▓▓▓▓▓▓▓▓▓▓▓▓▓▓▓▓▓▓▓▓▓▓▓▓▓▓▓▓
|..'________________________'....


You could see 4 orc warriors and an orc.

Vanquished Creatures
  A centaur warrior (D)
  2 death yaks (D)
  An orc knight (D)
  An ugly thing (D)
  2 black mambas (D)
  A troll (D)
  7 polar bears (D)
  2 blink frogs (D)
  3 hippogriffs (D)
  2 yaks (D)
  A basilisk (D)
  Eustachio (D)
  A water moccasin (D)
  A crocodile (D)
  2 porcupines (D)
  An ice beast (D)
  4 orc warriors (D)
  3 black bears (D)
  A necrophage (D)
  A wolf (D)
  2 bullfrogs (D)
  A scorpion (D)
  3 orc priests (D)
  2 orc wizards (D)
  2 adders (D)
  A shadow imp (D)
  7 orcs (D)
  A goblin (D)
  A hobgoblin (D)
  A quokka (D)
  3 leopard gecko zombies (D)
  3 rats (D)
65 creatures vanquished.

Notes
Turn   | Place    | Note
-------+----------+-------------------------------------------
     0 | D        | Freyura the Gargoyle Fighter began the quest for the Orb.
     0 | D        | Reached XP level 1. HP: 14/14 MP: 1/1
    17 | D        | Reached skill level 1 in Dodging
    23 | D        | Noticed a black bear
    23 | D        | Noticed a necrophage
    34 | D        | Killed a necrophage
    34 | D        | Reached skill level 5 in Fighting
    34 | D        | Reached skill level 5 in Armour
    34 | D        | Reached skill level 5 in Shields
    34 | D        | Reached XP level 2. HP: 6/21 MP: 2/2
    34 | D        | Reached XP level 3. HP: 8/26 MP: 3/3
    34 | D        | Reached XP level 4. HP: 10/31 MP: 4/4
    44 | D        | Killed a black bear
    44 | D        | Reached skill level 5 in Maces & Flails
    44 | D        | Reached XP level 5. HP: 11/37 MP: 5/5
    53 | D        | Found a roughly hewn altar of Beogh.
    53 | D        | Found a snail-covered altar of Cheibriados.
    53 | D        | Found a shadowy altar of Dithmenos.
    53 | D        | Found a white marble altar of Elyvilon.
    53 | D        | Found a blossoming altar of Fedhas.
    53 | D        | Found an opulent altar of Gozag.
    54 | D        | Found a hazy altar of Hepliaklqana.
    55 | D        | Found a viscous altar of Jiyva.
    56 | D        | Found an ancient bone altar of Kikubaaqudgha.
    57 | D        | Found a corrupted altar of Lugonu.
    58 | D        | Found a burning altar of Makhleb.
    59 | D        | Found a sparkling altar of Nemelex Xobeh.
    60 | D        | Found an iron altar of Okawaru.
    61 | D        | Found a stormy altar of Qazlal.
    62 | D        | Found a sacrificial altar of Ru.
    63 | D        | Found a shimmering blue altar of Sif Muna.
    64 | D        | Found a bloodstained altar of Trog.
    65 | D        | Found a hide-covered altar of Uskayaw.
    66 | D        | Found a radiant altar of Vehumet.
    67 | D        | Found an ornate altar of the Wu Jian Council.
    68 | D        | Found a shimmering altar of Xom.
    69 | D        | Found a basalt altar of Yredelemnul.
    70 | D        | Became a worshipper of Ru the Awakened
    71 | D        | Found a glowing silver altar of Zin.
    72 | D        | Found a glowing golden altar of the Shining One.
   265 | D        | Noticed a cyan ugly thing
   265 | D        | Noticed a hippogriff
   265 | D        | Noticed a troll
   271 | D        | Killed a troll
   271 | D        | Reached skill level 5 in Dodging
   271 | D        | Reached XP level 6. HP: 22/44 MP: 6/6
   274 | D        | Killed a hippogriff
   274 | D        | Reached XP level 7. HP: 25/50 MP: 7/7
   279 | D        | Killed a cyan ugly thing
   279 | D        | Reached XP level 8. HP: 29/56 MP: 8/8
   286 | D        | Gained mutation: You cannot read scrolls while threatened.
                  | [Ru sacrifice]
   286 | D        | Reached * piety under Ru
   417 | D        | Noticed a hippogriff
   417 | D        | Noticed a centaur warrior
   445 | D        | Killed a centaur warrior
   445 | D        | Reached skill level 10 in Fighting
   445 | D        | Reached skill level 10 in Armour
   445 | D        | Reached skill level 10 in Shields
   445 | D        | Reached XP level 9. HP: 50/63 MP: 9/9
   666 | D        | Gained mutation: Your magical capacity is low. (-10% MP)
                  | [potion of mutation]
   666 | D        | Gained mutation: You have a pair of small horns on your
                  | head. [potion of mutation]
   667 | D        | Lost mutation: You have a pair of small horns on your head.
                  | [potion of mutation]
   667 | D        | Lost mutation: Your magical capacity is low. (-10% MP)
                  | [potion of mutation]
   667 | D        | Gained mutation: You are partially covered in iridescent
                  | scales. (AC +2) [potion of mutation]
   667 | D        | Gained mutation: Your muscles are strong. (Str +2) [potion
                  | of mutation]
   667 | D        | Gained mutation: Your muscles are very strong. (Str +4)
                  | [potion of mutation]
   677 | D        | Noticed a black mamba
   692 | D        | Reached skill level 10 in Maces & Flails
   704 | D        | Killed a black mamba
   863 | D        | Noticed a black mamba
   863 | D        | Noticed a polar bear
   868 | D        | Reached XP level 10. HP: 62/70 MP: 10/10
   869 | D        | Noticed a death yak
   869 | D        | Noticed a death yak
   903 | D        | Killed a black mamba
   913 | D        | Killed a death yak
   922 | D        | Killed a death yak
  1141 | D        | Reached XP level 11. HP: 63/77 MP: 11/11
  1168 | D        | Reached skill level 10 in Dodging
  1178 | D        | Got the +9 falchion of Callousness {slice, Dex+5}
  1286 | D        | Noticed Eustachio
  1291 | D        | Killed Eustachio
  1583 | D        | Noticed an orc knight
  1616 | D        | HP: 2/78 [orc knight/+1 war axe (12)]
  1620 | D        | Killed an orc knight
  1620 | D        | Slain by an orc warrior

Skill      XL: |  1  2  3  4  5  6  7  8  9 10 11 |
---------------+----------------------------------+-----
Dodging        | 2 4 5 6 7 8 9 10 | 10.3
Fighting       | 5 6 7 8 9 10 11 12 13 | 13.3
Maces & Flails | 4 5 6 7 8 9 10 11 12 | 12.2
Armour         | 5 6 7 8 9 10 11 12 13 | 13.3
Shields        | 5 6 7 8 9 10 11 12 13 | 13.3

Action                   |  1- 3 |  4- 6 |  7- 9 | 10-12 || total
-------------------------+-------+-------+-------+-------++-------
Melee: Flail             |    24 |    11 |       |       ||    35
       Dire flail        |       |     8 |   112 |   187 ||   307
Invok: Sacrifice Words   |       |       |     1 |       ||     1
       Reject Sacrifices |       |       |       |     1 ||     1
  Use: Potion            |       |     2 |     2 |     4 ||     8
 Stab: Distracted        |       |       |     1 |     1 ||     2
  Eat: Chunk             |       |       |       |     3 ||     3
Armor: Scale mail        |     9 |    10 |       |       ||    19
       Plate armour      |       |     9 |    60 |   102 ||   171
Dodge: Dodged            |     3 |    15 |    46 |    81 ||   145
Block: Shield            |    10 |     5 |       |       ||    15
